groovejumper, chaotic female human Monk -------- -------- +....>^-# |....{.| |....aa|####.......| |....%@| |......| -.------ --|----- ## 1 ---.---- -+------ |.......### |......| |......| # |....<.| |....[.| ##-......| -------- -------- groovejumper the Initiate Experience level: 9 Strength: 18 Dexterity: 15 Constitution: 17 Intelligence: 9 Wisdom: 12 Charisma: 8 Health: 0(64) Energy: 52(52) AC: 3 Gold: 275 Moves: 11387 Your Inventory: Coins $ - 275 gold pieces Weapons N - an [uncursed] fireproof [+0] runed dagger named Sting [Sting] (in quiver) Armor a - a blessed +2 pair of leather gloves (being worn) k - an uncursed +1 robe (being worn) n - an uncursed +0 pair of low boots (being worn) Spellbooks K - an [uncursed] violet spellbook [of cure sickness] Potions e - an uncursed potion of healing i - an [uncursed] clear potion [of water] Rings Z - an uncursed ring of regeneration Tools b - an [uncursed] sack m - an [uncursed] pair of lenses (being worn) B - an [uncursed] blindfold P - an [uncursed] key [skeleton key] Contents of the sack: 3781 gold pieces an [uncursed] circular amulet [of reflection] 5 [uncursed] food rations 2 [uncursed] fortune cookies an [uncursed] lembas wafer an [uncursed] scroll called earth [of earth] a [cursed] scroll called earth [of earth] an [uncursed] scroll labeled ETAOIN SHRDLU [of food detection] an [uncursed] scroll labeled HZLRC KSTSBD MPFNG [of light] 2 [uncursed] scrolls labeled TEMOV [of gold detection] a blessed scroll of confuse monster 2 uncursed scrolls of destroy armor an uncursed scroll of enchant weapon an uncursed scroll of flood an uncursed scroll of magic mapping 2 uncursed scrolls of remove curse an uncursed scroll of scare monster 4 [uncursed] unlabeled scrolls [of blank paper] a [blessed] unlabeled scroll [of blank paper] a blessed spellbook of protection an [uncursed] brown potion [of full healing] a [cursed] clear potion [of unholy water] 4 [uncursed] clear potions [of water] an [uncursed] ochre potion [of sickness] a [cursed] ochre potion [of sickness] a blessed potion of gain level 2 uncursed potions of healing a [cursed] puce potion [of blindness] an [uncursed] silver potion [of extra healing] a [cursed] slimy potion [of restore ability] a [cursed] black onyx ring [of polymorph] an [uncursed] ivory ring [of cold resistance] a [cursed -1] jacinth ring [of gain wisdom] an [uncursed +1] jade ring [of gain strength] a [blessed +2] jet ring [of gain dexterity] an [uncursed] plain ring [of protection from shape changers] an [uncursed] platinum ring [of free action] an [uncursed +1] steel ring [of increase accuracy] an [uncursed] iridium wand [of light (0:15)] an [uncursed] marble wand [of nothing (0:7)] an [uncursed] platinum wand [of make invisible (0:6)] an [uncursed] steel wand [of create monster (0:15)] an [uncursed] uranium wand [of undead turning (0:8)] an [uncursed] uranium wand [of undead turning (0:7)] an [uncursed] uranium wand [of undead turning (0:8)] an [uncursed] uranium wand [of undead turning (0:6)] an uncursed wand of cold (0:1) an [uncursed] wand of striking [0:6] an [uncursed] wand of striking [0:6] an [uncursed] wand of striking [0:0] an [uncursed] wand of striking [0:8] 9 [uncursed wax] candles an [uncursed] credit card an [uncursed] leash an uncursed magic marker (0:60) an [uncursed] magic whistle an [uncursed] white gem [worthless glass] Spells known in the end: Name Level Category Fail Memory a - protection 1 clerical 0% [||||....] b - detect monsters 1 divination 0% [||||....] Your skills at the end: Fighting Skills martial arts [Expert / Grand Master] Weapon Skills Spellcasting Skills healing spells [Basic / Expert] Final Attributes: You were piously aligned. Hunger level was 421. Your alignment was 66 / 66. Monster difficulty range was 1 - 8. Level difficulty was 8. You resisted cold. You were immune to sleep. You were immune to poison. You saw invisible. You were telepathic. You were warned. You had automatic searching. You were stealthy. You were fast. Your luck was zero. You are dead. Vanquished creatures: a shopkeeper 2 giant mimics a small mimic a large dog a quivering blob a panther 3 leprechauns a gnome king a gold golem a dingo a housecat 2 blue jellies a wood nymph a water nymph 4 Mordor orcs 5 rock piercers 4 enormous rats 2 rock moles 3 ponies 3 fog clouds 2 shriekers 2 gnome lords a guardian naga hatchling an elf zombie a straw golem a paper golem a wax golem a baby crocodile a giant ant 2 little dogs 6 floating eyes 2 dwarves a kobold lord 8 hill orcs 3 rothes a rabid rat 6 giant bats a monkey an orc zombie a dwarf zombie 3 wererats 9 iguanas 10 killer bees 5 acid blobs 4 coyotes 2 gas spores 6 hobbits 4 manes a large kobold 3 hobgoblins 5 giant rats 3 cave spiders a brown mold 2 yellow molds a green mold 2 red molds 4 gnomes 26 Keystone Kops 10 garter snakes 4 gnome zombies 3 geckos 10 jackals 3 foxes 2 kobolds a goblin 4 sewer rats 7 grid bugs 7 lichens 4 kobold zombies 7 newts 235 creatures vanquished. Voluntary challenges: You pretended to be a vegetarian. You never hit with a wielded weapon. You read items or engraved 13 times. You put on armor 5 times. You never genocided any monsters. You never polymorphed an object. You never changed form. You used no wishes. You wrote Elbereth's name 2 times. You never encountered a bones level. You used 3 Sokoban shortcuts. Dungeon overview: The Dungeons of Doom: levels 1 to 8 Level 1 a long staircase Level 2 an altar to Huan Ti a long staircase Level 3 a scroll shop Level 4 a general store, a fountain Level 5 a fountain Level 6 many fountains Level 7 some fountains stairs to Sokoban Level 8 <- You were here a fountain Sokoban: levels 4 to 6 Level 6 stairs to The Dungeons of Doom History has recorded: On T:1 you entered the Dungeons of Doom to retrieve the Amulet of Yendor! On T:284 you advanced to experience level 2. On T:349 you reached level 2 of The Dungeons of Doom. On T:644 you advanced to experience level 3. On T:951 you advanced to experience level 4. On T:1652 you advanced to experience level 5. On T:1805 you received Sting from Huan Ti. On T:3395 you advanced to experience level 6. On T:6420 you advanced to experience level 7. On T:6460 you reached level 3 of The Dungeons of Doom. On T:6818 you reached level 4 of The Dungeons of Doom. On T:7388 you advanced to experience level 8. On T:7470 you reached level 5 of The Dungeons of Doom. On T:7997 you reached level 6 of The Dungeons of Doom. On T:8218 you advanced to experience level 9. On T:8236 you received advice from The Oracle. On T:8327 you reached level 7 of The Dungeons of Doom. On T:8448 you reached level 3 of Sokoban. On T:8950 you reached level 2 of Sokoban. On T:9737 you reached level 1 of Sokoban. On T:11338 you reached level 8 of The Dungeons of Doom. Latest messages: You see here a rothe corpse. You have a little trouble lifting o - a bubbly potion. Your movements are slowed slightly because of your load. Your feet are frozen to the floor! Your movements are now unencumbered. [HP+1=48] [HP+1=49] [HP+1=50] [HP+1=51] A gush of water hits the soldier ant's right forelimb! A gush of water hits the soldier ant! The soldier ant bites! The soldier ant stings! The soldier ant bites! The soldier ant just misses! The soldier ant bites! The soldier ant stings! [HP-34=17] The soldier ant bites! The soldier ant stings! You die... Final status: Punardarsanaya groovejumper the Monk... You died in The Dungeons of Doom on dungeon level 8 with 14609 points, and 4056 pieces of gold, after 11387 moves. You were level 9 with a maximum of 64 hit points when you died.